 Dungeon Crawl Stone Soup version 0.21-a0-552-g593960d (webtiles) character file.

271 tidbits the Insei (level 6, 0/70 HPs)
             Began as a Gnoll Transmuter on Dec 17, 2017.
             Slain by an ice beast (4 damage)
             ... on level 6 of the Dungeon.
             The game lasted 00:06:44 (783 turns).

tidbits the Insei (Gnoll Transmuter)                 Turns: 783, Time: 00:06:45

Health: 0/70       AC: 23    Str: 13    XL:     6   Next: 23%
Magic:  1/13       EV:  2    Int: 17    God:
Gold:   109        SH:  0    Dex: 15    Spells: 9/15 levels left

rFire    + . .     SeeInvis +     - Unarmed
rCold    + . .     Gourm    .   (no shield)
rNeg     + + +     Faith    .   (armour currently unavailable)
rPois    +         Spirit   .   (helmet currently unavailable)
rElec    +         Reflect  .   (cloak currently unavailable)
rCorr    +         Harm     .   (gloves currently unavailable)
MR       .....     NoTele   +   (boots currently unavailable)
Stlth    ++........             (no amulet)
HPRegen  0.21/turn              I - ring of see invisible
MPRegen  0.13/turn              W - ring of wizardry

@: tree-form, resistant, hasted, very quick
A: distributed training, strong nose
a: no special abilities


You were on level 6 of the Dungeon.
You were not hungry.
You were a tree.
You visited 1 branch of the dungeon, and saw 6 of its levels.

You collected 109 gold pieces.

Inventory:

Hand Weapons
 f - a +0 short sword
 n - a +0 hunting sling
Missiles
 a - 21 arrows
 e - 42 stones (quivered)
Armour
 b - a +0 robe (melded)
 l - a +0 shield
 F - a +2 pair of boots (melded)
Jewellery
 q - an uncursed ring of positive energy
   (You found it on level 4 of the Dungeon)
 t - an uncursed ring of flight
   (You found it on level 6 of the Dungeon)
 I - a ring of see invisible (left branch)
   (You found it on level 1 of the Dungeon)
 W - a ring of wizardry (right branch)
   (You found it on level 1 of the Dungeon)
Scrolls
 g - a scroll of fear {unknown}
 j - a scroll of identify
 m - a scroll of enchant armour
 o - a scroll of immolation {unknown}
Potions
 p - a potion of might {unknown}
 s - a potion of magic
Books
 c - a book of Changes

   Spells                             Type                      Level
   a - Beastly Appendage              Transmutation                1
   b - Sticks to Snakes               Transmutation                2
   c - Spider Form                    Transmutation/Poison         3
   d - Ice Form                       Ice/Transmutation            4
   e - Blade Hands                    Transmutation                5
Comestibles
 d - 4 bread rations
 r - a meat ration


   Skills:
 + Level 3.1 Fighting
 + Level 1.8 Short Blades
 + Level 1.8 Long Blades
 + Level 1.8 Axes
 + Level 1.8 Maces & Flails
 + Level 1.8 Polearms
 + Level 1.8 Staves
 + Level 1.8 Slings
 + Level 1.8 Bows
 + Level 1.8 Crossbows
 + Level 1.8 Throwing
 + Level 1.8 Armour
 + Level 4.9 Dodging
 + Level 1.8 Stealth
 + Level 1.8 Shields
 + Level 6.8 Unarmed Combat
 + Level 5.3 Spellcasting
 + Level 1.4 Conjurations
 + Level 1.4 Hexes
 + Level 1.4 Charms
 + Level 1.4 Summonings
 + Level 1.4 Necromancy
 + Level 1.4 Translocations
 + Level 4.0 Transmutations
 + Level 1.4 Fire Magic
 + Level 1.4 Ice Magic
 + Level 1.4 Air Magic
 + Level 1.4 Earth Magic
 + Level 1.4 Poison Magic
 + Level 2.0 Invocations
 + Level 1.8 Evocations


You had 9 spell levels left.
You knew the following spells:

 Your Spells              Type           Power        Failure   Level  Hunger
e - Beastly Appendage     Tmut           ###...       1%          1    None
k - Sticks to Snakes      Tmut           ###.....     1%          2    #......
p - Spider Form           Tmut/Pois      ##........   5%          3    ##.....


Dungeon Overview and Level Annotations

Branches:
Dungeon (6/15)
 Temple: D:4-7

Altars:
Ashenzari
Makhleb

Annotations:
D:4 tidbits's ghost, amateur GnEE


Innate Abilities, Weirdness & Mutations

Your experience applies equally to all skills.
((You have very sharp teeth.))
Your uncanny sense of smell can sniff out nearby items.


Message History

The orc wizard barely misses you.
You closely miss the orc wizard.
Your ball python bites the orc wizard.
Your ball python barely misses the orc wizard.
The orc wizard casts a spell at you. The puff of frost hits you!
* * * LOW HITPOINT WARNING * * *
Your ball python bites the orc wizard.
Your ball python closely misses the orc wizard.
You closely miss the orc wizard.
The orc wizard is lightly wounded.
Your transformation is almost over.
The orc wizard completely misses you.
Your ball python bites the orc wizard but does no damage.
Your ball python grabs the orc wizard.
Your ball python constricts the orc wizard.
You bite the orc wizard!
The orc wizard is poisoned.
The orc wizard is severely wounded.
The orc wizard hits you but does no damage.
The orc wizard looks braver for a moment.
Your ball python bites the orc wizard but does no damage.
Your ball python constricts the orc wizard.
You hit the orc wizard but do no damage.
The orc wizard looks as sick as possible!
The orc wizard is severely wounded.
You kill the orc wizard!
Items here: ) [[ †† a ring mail; a hand axe; a scale mail; an orc corpse x2
Things that are here:
a dagger; a robe; an orc corpse You butcher the orc corpse.
u - a chunk of flesh
Things that are here:
a dagger; a robe Eat a chunk of flesh? (ye/n/q)
You eat the chunk of flesh.
This raw flesh tastes terrible.
Your transformation has ended.
Your +1 pair of boots unmelds from your body.
Your +0 robe unmelds from your body.
An ice beast comes into view.
An ice beast is nearby!
Unknown command.
A bullfrog zombie comes into view.
Found a bread ration.
As you read the scroll labeled VACEMA EQACW, it crumbles to dust.
It is a scroll of enchant armour.
Your +1 pair of boots glows green for a moment.
You swap places.
Your ball python withers and dies!
Casting: Sticks to Snakes
Confirm with . or Enter, or press ? or * to list all spells.
You create a snake!
You now have 23 arrows.
Casting: Sticks to Snakes
Confirm with . or Enter, or press ? or * to list all spells.
You create a snake!
You now have 22 arrows.
The ice beast hits your ball python.
Your ball python dies!
Found a scroll labeled GISYEDEE HITES.
Your ball python bites the ice beast but does no damage.
Your ball python bites the ice beast.
Your ball python bites the ice beast but does no damage.
The bullfrog zombie closely misses your ball python.
An adder comes into view.
You see here a scroll labeled GISYEDEE HITES.
j - 2 scrolls labeled GISYEDEE HITES (gained 1)
As you read the scroll labeled GISYEDEE HITES, it crumbles to dust.
It is a scroll of identify.
s - a potion of magic The adder hisses angrily.
Your ball python closely misses the ice beast.
Casting: Sticks to Snakes
Confirm with . or Enter, or press ? or * to list all spells.
You turn into a venomous arachnid creature.
Your +2 pair of boots melds into your body.
Your +0 robe melds into your body.
The bullfrog zombie hits your ball python!
Your ball python dies!
The ice beast barely misses you.
Casting: Spider Form
Confirm with . or Enter, or press ? or * to list all spells.
You create a snake!
You now have 21 arrows.
The ice beast hits you.
* * * LOW HITPOINT WARNING * * *
The ice beast freezes you!
* * * LOW HITPOINT WARNING * * *
Your transformation has ended.
Your +2 pair of boots unmelds from your body.
Your +0 robe unmelds from your body.
You turn into a tree.
Your +2 pair of boots melds into your body.
Your +0 robe melds into your body.
Your roots penetrate the ground.
The ice beast hits you.
* * * LOW HITPOINT WARNING * * *
The ice beast freezes you!
* * * LOW HITPOINT WARNING * * *
It was a potion of resistance.
You feel protected.
The ice beast hits you but does no damage.
It was a potion of haste.
You feel yourself speed up. The adder bites you but does no damage.
The ice beast hits you.
* * * LOW HITPOINT WARNING * * *
The ice beast freezes you. You resist.
You die...

###.## ..... ###.#
.Y. .. ....# #.# ..
##### #.# .# #
#######.# .# #
#...YZ..# .# #
#Y####### .#
#######.#########S#
.)[.....#.....ZY♣S#
..).......#########
###########


You could see an ice beast, an adder, a bullfrog zombie and a friendly ball
python.

Vanquished Creatures
  An orc priest (D:6)
  A gnoll shaman (D:4)
  4 orc wizards
  A worker ant (D:4)
  3 adders (D:2)
  A gnoll (D:4)
  3 worms
  A leopard gecko (D:2)
  6 orcs
  A bat (D:1)
  2 goblins
  8 jackals
  A quokka (D:6)
  4 kobolds (D:3)
  3 rats
40 creatures vanquished.

Vanquished Creatures (collateral kills)
  2 gnolls (D:4)
  2 orcs
4 creatures vanquished.

Grand Total: 44 creatures vanquished

Notes
Turn   | Place    | Note
-------+----------+-------------------------------------------
     0 | D:1      | tidbits the Gnoll Transmuter began the quest for the Orb.
     0 | D:1      | Reached XP level 1. HP: 17/17 MP: 6/6
    74 | D:2      | Reached XP level 2. HP: 19/23 MP: 5/7
    78 | D:2      | Learned a level 2 spell: Sticks to Snakes
   178 | D:2      | Reached XP level 3. HP: 17/28 MP: 3/9
   182 | D:2      | Reached skill level 5 in Spellcasting
   223 | D:2      | Learned a level 3 spell: Spider Form
   268 | D:2      | Reached skill level 1 in Invocations
   386 | D:5      | Entered Level 5 of the Dungeon
   398 | D:5      | Reached skill level 1 in Short Blades
   398 | D:5      | Reached skill level 1 in Long Blades
   398 | D:5      | Reached skill level 1 in Axes
   398 | D:5      | Reached skill level 1 in Maces & Flails
   398 | D:5      | Reached skill level 1 in Polearms
   398 | D:5      | Reached skill level 1 in Staves
   398 | D:5      | Reached skill level 1 in Slings
   398 | D:5      | Reached skill level 1 in Bows
   398 | D:5      | Reached skill level 1 in Crossbows
   398 | D:5      | Reached skill level 1 in Throwing
   398 | D:5      | Reached skill level 1 in Armour
   398 | D:5      | Reached skill level 1 in Stealth
   398 | D:5      | Reached skill level 1 in Shields
   398 | D:5      | Reached skill level 1 in Evocations
   398 | D:5      | Reached XP level 4. HP: 32/34 MP: 4/11
   423 | D:4      | Noticed tidbits's ghost (amateur GnEE)
   558 | D:3      | Found a shattered altar of Ashenzari.
   558 | D:3      | Found a burning altar of Makhleb.
   601 | D:4      | Reached skill level 1 in Conjurations
   601 | D:4      | Reached skill level 1 in Hexes
   601 | D:4      | Reached skill level 1 in Charms
   601 | D:4      | Reached skill level 1 in Summonings
   601 | D:4      | Reached skill level 1 in Necromancy
   601 | D:4      | Reached skill level 1 in Translocations
   601 | D:4      | Reached skill level 1 in Fire Magic
   601 | D:4      | Reached skill level 1 in Ice Magic
   601 | D:4      | Reached skill level 1 in Air Magic
   601 | D:4      | Reached skill level 1 in Earth Magic
   601 | D:4      | Reached skill level 1 in Poison Magic
   601 | D:4      | Reached XP level 5. HP: 40/40 MP: 6/12
   622 | D:4      | Reached skill level 3 in Fighting
   629 | D:4      | Reached skill level 4 in Transmutations
   648 | D:4      | Noticed an ogre
   733 | D:6      | Reached skill level 2 in Invocations
   733 | D:6      | Reached XP level 6. HP: 26/47 MP: 3/13
   754 | D:6      | Noticed an ice beast
   781 | D:6      | HP: 4/70 [ice beast (11)]
   783 | D:6      | Slain by an ice beast

Vault maps used:
D:1:      minmay_arrival_shattered_statue
D:2:      first_bread, kennysheep_generic_room_13
D:3:      grunt_temple_overflow_open, uniq_natasha
D:5:      minmay_misc_feat_nine_boxes, uniq_crazy_yiuf_cottage
D:6:      tso_altar, lemuel_coloured_pillars_altar, fiery_altar_vehumet

Skill      XL: |  1  2  3  4  5 |
---------------+----------------+-----
Spellcasting   | 5 |  5.3
Invocations    | 1 2 |  2.0
Short Blades   | 1 |  1.8
Long Blades    | 1 |  1.8
Axes           | 1 |  1.8
Maces & Flails | 1 |  1.8
Polearms       | 1 |  1.8
Staves         | 1 |  1.8
Slings         | 1 |  1.8
Bows           | 1 |  1.8
Crossbows      | 1 |  1.8
Throwing       | 1 |  1.8
Armour         | 1 |  1.8
Stealth        | 1 |  1.8
Shields        | 1 |  1.8
Evocations     | 1 |  1.8
Conjurations   | 1 |  1.4
Hexes          | 1 |  1.4
Charms         | 1 |  1.4
Summonings     | 1 |  1.4
Necromancy     | 1 |  1.4
Translocations | 1 |  1.4
Fire Magic     | 1 |  1.4
Ice Magic      | 1 |  1.4
Air Magic      | 1 |  1.4
Earth Magic    | 1 |  1.4
Poison Magic   | 1 |  1.4
Fighting       | 3 |  3.1
Transmutations | 4 |  4.0
Dodging        | |  4.9
Unarmed Combat | |  6.8

Action                   |  1- 3 |  4- 6 || total
-------------------------+-------+-------++-------
Melee: Unarmed           |    43 |    57 ||   100
       Kick              |     3 |       ||     3
       Bite              |     1 |     1 ||     2
       Punch             |     1 |       ||     1
 Cast: Beastly Appendage |     5 |       ||     5
       Sticks to Snakes  |     4 |     8 ||    12
       Spider Form       |     3 |    11 ||    14
  Use: Potion            |     1 |     3 ||     4
       Scroll            |       |     2 ||     2
  Eat: Chunk             |       |     1 ||     1
Armor: Robe              |     7 |       ||     7
       Skin              |    17 |     4 ||    21
Dodge: Dodged            |    32 |    43 ||    75

Table legend:
 A = Spawn XP
 B = Non-spawn XP
 C = Spawn XP percentage of total XP
 D = Spawn monster count
 E = Non-spawn monster count
 F = Spawn count percentage of total count
 G = Total turns spent on level
                    A         B        C        D         E        F      G
               +---------+---------+-------+---------+---------+-------+---------
         Total |       0 |     388 |   0.0 |       0 |      44 |   0.0 |   783
               +---------+---------+-------+---------+---------+-------+---------
           D:1 |       0 |       4 |   0.0 |       0 |       3 |   0.0 |    56
           D:2 |       0 |      57 |   0.0 |       0 |      10 |   0.0 |   227
           D:3 |       0 |      31 |   0.0 |       0 |      13 |   0.0 |   192
           D:4 |       0 |     135 |   0.0 |       0 |       9 |   0.0 |   157
           D:5 |       0 |      40 |   0.0 |       0 |       3 |   0.0 |    50
           D:6 |       0 |     121 |   0.0 |       0 |       6 |   0.0 |   101
               +---------+---------+-------+---------+---------+-------+---------

Table legend:
 A = Turns spent in this place as a percentage of turns spent in the entire game.
 B = Non-inter-level travel turns spent in this place as a percentage of non-inter-level travel turns spent in the entire game.
 C = Inter-level travel turns spent in this place as a percentage of turns spent in this place.
 D = Turns resting spent in this place as a percentage of non-inter-level travel turns spent in this place.
 E = Turns spent auto-exploring this place as a percentage of non-inter-level travel turns spent in this place.
 F = Non-inter-level travel turns spent in this place divided by the number of levels of this place that you've seen.
                   A       B       C       D       E      F
               +-------+-------+-------+-------+-------+----------------------
         Total | 100.0 | 100.0 |   0.0 |   0.0 |   0.0 | 130.5
       Dungeon | 100.0 | 100.0 |   0.0 |   0.0 |   0.0 | 130.5
               +-------+-------+-------+-------+-------+----------------------

Table legend:
 A = Kills in this place as a percentage of kills in entire the game.
 B = Kills by you in this place as a percentage of kills by you in the entire game.
 C = Kills by friends in this place as a percentage of kills by friends in the entire game.
 D = Other kills in this place as a percentage of other kills in the entire game.
 E = Experience gained in this place as a percentage of experience gained in the entire game.
 F = Experience gained in this place divided by the number of levels of this place that you have seen.
                   A       B       C       D       E      F
               +-------+-------+-------+-------+-------+----------------------
         Total | 100.0 | 100.0 | 100.0 |   N/A | 100.0 |  64.7
       Dungeon | 100.0 | 100.0 | 100.0 |   N/A | 100.0 |  64.7
               +-------+-------+-------+-------+-------+----------------------

Vault maps used:
D:1:      minmay_arrival_shattered_statue
D:2:      first_bread, kennysheep_generic_room_13
D:3:      grunt_temple_overflow_open, uniq_natasha
D:5:      minmay_misc_feat_nine_boxes, uniq_crazy_yiuf_cottage
D:6:      tso_altar, lemuel_coloured_pillars_altar, fiery_altar_vehumet
